 Dungeon Crawl Stone Soup version 0.30.0-17-ge0270778cf (webtiles) character file.

Game seed: 1861793716360658814

17329 browni3141 the Black Sun (level 12, -3/76 HPs)
             Began as a Mummy Summoner on May 21, 2023.
             Was a High Priest of Kikubaaqudgha.
             Engulfed by a fire crab's flame (24 damage)
             ... summoned by an orange crystal statue
             ... in a Gauntlet.
             The game lasted 00:29:03 (12138 turns).

browni3141 the Black Sun (Mummy Summoner)          Turns: 12138, Time: 00:29:04

Health: -3/76      AC: 15    Str: 11    XL:     12   Next: 17%
Magic:  19/29      EV: 12    Int: 19    God:    Kikubaaqudgha [*****.]
Gold:   535        SH:  0    Dex: 13    Spells: 4/37 levels left

rFire   x x .        b - +27 heavy crossbow "Sniper" {heavy, Acc+∞ SInv}
rCold   + + .        (shield currently unavailable)
rNeg    + + +        x - +0 steam dragon scales
rPois   ∞            s - +0 helmet
rElec   .            M - +0 cloak
rCorr   .            y - +0 pair of gloves
SInv    +            U - +2 pair of boots
Will    +....        (no amulet)
Stlth   ++           g - +4 ring of protection
HPRegen 0.32/turn    z - ring of ice
MPRegen 0.21/turn

%: no teleportation, faith
@: studying Shields
A: cold resistance 1, negative energy resistance 3, torment resistance 2, heat
vulnerability 1, in touch with death 1, no potions, faith
a: Renounce Religion, Unearth Wretches, Torment


You were in a Gauntlet.
You worshipped Kikubaaqudgha.
Kikubaaqudgha was extremely pleased with you.
You visited 3 branches of the dungeon, and saw 12 of its levels.
You also visited: Sewer, Ossuary, Bailey and Gauntlet.

You collected 535 gold pieces.

Inventory:

Hand Weapons
 a - a +8 whip of electrocution
 b - the +27 heavy crossbow "Sniper" (weapon) {heavy, Acc+∞ SInv}
   (You took it off an orc warrior in a bailey)

   Acc+∞: It never misses its target.
   SInv:      It lets you see invisible.
 d - a +0 dagger
 f - a +0 glaive
 i - a +1 flail of protection
 q - a +3 halberd
 w - a +3 whip
 G - a +1 short sword of flaming
 L - a +2 dagger of venom
Missiles
 B - 7 curare-tipped darts
 C - 6 atropa-tipped darts
 J - 39 poisoned darts
 T - a boomerang
 Z - a throwing net
Armour
 k - a +0 robe
 l - a +0 leather armour
 s - a +0 helmet (worn)
 v - a +0 cloak
 x - +0 steam dragon scales (worn)
 y - a +0 pair of gloves (worn)
 I - a +0 cloak
 M - a +0 cloak (worn)
 U - a +2 pair of boots (worn)
Jewellery
 g - a +4 ring of protection (left hand)
 j - a ring of wizardry
 p - a ring of fire
 u - a +6 ring of intelligence
 z - a ring of ice (right hand)
 D - an amulet of magic regeneration
 H - an amulet of the acrobat
 Q - a +6 ring of intelligence
 W - a +6 ring of intelligence
Wands
 o - a wand of roots (5)
 A - a wand of acid (2)
 E - a wand of mindburst (13)
 V - a wand of flame (15)
Scrolls
 c - 5 scrolls of magic mapping
 n - a scroll of enchant weapon
 r - 4 scrolls of identify
 F - a scroll of fog
 K - a scroll of immolation
 N - a scroll of poison
 O - 2 scrolls of torment
 P - 7 scrolls of teleportation
 R - a scroll of silence
 S - 6 scrolls of noise
 X - 4 scrolls of blinking
 Y - 2 scrolls of vulnerability
Miscellaneous
 t - a phial of floods


   Skills:
 - Level 1.0 Fighting
 - Level 4.0 Maces & Flails
 - Level 1.5 Dodging
 - Level 1.5 Stealth
 + Level 13.4 Spellcasting
 - Level 8.0 Summonings
 * Level 13.5 Necromancy


You had 4 spell levels left.
You knew the following spells:

 Your Spells              Type           Power      Damage    Failure   Level
a - Call Canine Familiar  Summ           43%        N/A       1%          3
b - Cigotuvi's Dreadful   Necr/Pois/Air  88%        N/A       1%          2
c - Anguish               Hex/Necr       27%        N/A       3%          4
d - Animate Dead          Necr           77%        N/A       1%          4
e - Simulacrum            Ice/Necr       36%        N/A       45%         6
g - Summon Guardian Gole  Hex/Summ       27%        N/A       3%          3
l - Summon Lightning Spi  Summ/Air       27%        N/A       10%         4
u - Dispel Undead         Necr           77%        3d25      1%          4
x - Call Imp              Summ           86%        N/A       1%          2
z - Summon Small Mammal   Summ           100%       N/A       1%          1

Your spell library contained the following spells:

 Spells                   Type           Power      Damage    Failure   Level
 Kiss of Death            Conj/Necr      100%       2d13      1%          1
 Necrotise                Necr           100%       1d9       1%          1
 Vampiric Draining        Necr           77%        2d11      1%          3
 Slow                     Hex            48%        N/A       5%          1
 Animate Armour           Summ/Erth      54%        N/A       10%         4
 Confusing Touch          Hex            12%        N/A       16%         3
 Stone Arrow              Conj/Erth      24%        3d8       16%         3
 Agony                    Necr           77%        N/A       1%          5
 Lehudib's Crystal Spear  Conj/Erth      6%         10d3      100%        8


Dungeon Overview and Level Annotations

Branches:
Dungeon (10/15)            Temple (1/1) D:4            Lair (1/5) D:9
    Orc (0/2) D:9           Sewer (visited)         Ossuary (visited)
 Bailey (visited)         Gauntlet (1/1)

Altars:
Ashenzari
Cheibriados
Dithmenos
Fedhas
Gozag
Hepliaklqana
Kikubaaqudgha
Makhleb
Okawaru
Qazlal
Ru
Sif Muna
Trog
Uskayaw
Vehumet
Wu Jian
Xom
Yredelemnul
Lugonu

Shops:
D:4 *

Annotations:
D:9 3 runed translucent doors, exclusion: 3 doors, AlmostDecent's ghost, journeyman GrBe Gauntlet 9 transporters, exclusion: orange crystal statue


Innate Abilities, Weirdness & Mutations

You are immune to poison.
Your flesh is cold resistant. (rC+)
You are immune to negative energy. (rN+++)
You are immune to unholy pain and torment.
You are vulnerable to heat. (rF-)
You are in touch with the powers of death.
You do not drink.
You have a special connection with the divine. (Faith)


Message History

You enter the transporter and appear at another place.
You swap places.
Your guardian golem disappears in a puff of smoke!
There is a transporter here.
You enter the transporter and appear at another place.
You swap places.
Casting: Call Imp (safe; 1% risk of failure)
Confirm with . or Enter, or press ? or * to list all spells.
An electric hum fills the air.
Really walk into a travel-excluded area?
The orange crystal statue glitters.
You resist with some effort.
Your lightning spire shoots out a bolt of lightning at the orange crystal statue!
The bolt of electricity hits the orange crystal statue.
The orange crystal statue resists.
The orange crystal statue glitters.
The hornet simulacrum hits your lightning spire but does no damage.
You swap places.
The hornet simulacrum hits your lightning spire!
The hornet simulacrum freezes your lightning spire.
Your lightning spire resists.
Your lightning spire shoots out a bolt of lightning at the hornet simulacrum!
The bolt of electricity hits the hornet simulacrum!
Something hits your lightning spire but does no damage.
Something hits your lightning spire. Something freezes your lightning spire.
Your lightning spire resists.
Your lightning spire is destroyed!
Your lightning spire disappears in a puff of smoke!
Your cerulean imp hits the large abomination but does no damage.
Your wolf barely misses the large abomination.
The large abomination hits your cerulean imp!
Your wolf bites the large abomination but does no damage.
Your cerulean imp hits the large abomination with a +0 spear.
Your wolf bites the large abomination but does no damage.
The large abomination misses your cerulean imp.
Your wolf barely misses the large abomination.
Your cerulean imp barely misses the large abomination.
Your wolf barely misses the large abomination.
The large abomination closely misses your cerulean imp.
Your cerulean imp barely misses the large abomination.
Casting: Summon Lightning Spire (dangerous; 10% risk of failure)
Confirm with . or Enter, or press ? or * to list all spells.
A guardian golem appears, shielding your allies.
Your wolf bites the large abomination!
The large abomination completely misses your cerulean imp.
Your wolf bites the large abomination but does no damage.
Your cerulean imp closely misses the large abomination.
Your wolf bites the large abomination.
The large abomination misses your cerulean imp.
Your wolf bites the large abomination.
Your cerulean imp closely misses the large abomination.
The large abomination barely misses your wolf.
Your wolf bites the large abomination!
Your cerulean imp barely misses the large abomination.
The large abomination closely misses your wolf.
Your wolf bites the large abomination but does no damage.
Your wolf bites the large abomination but does no damage.
The large abomination hits your wolf!
Your cerulean imp hits the large abomination with a +0 spear.
Your wolf bites the large abomination but does no damage.
Your wolf barely misses the large abomination.
The large abomination hits your wolf!!
Your wolf dies!
Your wolf's corpse disappears in a puff of smoke!
Your cerulean imp hits the large abomination but does no damage.
The large abomination hits your cerulean imp!!
Your cerulean imp dies!
Your cerulean imp disappears in a puff of smoke!
Your guardian golem overheats!
The large abomination hits your guardian golem!!
Your guardian golem disappears in a puff of smoke!
Your guardian golem explodes!
The fiery explosion engulfs the large abomination!
The large abomination is destroyed!
The large abomination dissolves into shadows!
You shoot a bolt. The bolt hits the fire crab!!
The fire crab is severely wounded.
The fire crab breathes flames at you.
The blast of flame engulfs you but does no damage.
The hornet simulacrum is engulfed in blazing flames.
The hornet simulacrum vaporises!
You shoot a bolt. The bolt hits the fire crab!
The fire crab is almost dead.
The fire crab bites you!
You are engulfed in flames!
The fire burns you terribly! The fire crab barely misses you.
The fire crab breathes flames at you. The blast of flame engulfs you!
The fire burns you terribly!
* * * LOW HITPOINT WARNING * * *
The fire crab bites you.
* * * LOW HITPOINT WARNING * * *
You are engulfed in flames!
The fire burns you terribly!
* * * LOW HITPOINT WARNING * * *
The fire crab barely misses you. The fire crab breathes flames at you.
The blast of flame engulfs you but does no damage.
Casting: Summon Guardian Golem (dangerous; 3% risk of failure)
Confirm with . or Enter, or press ? or * to list all spells.
You are engulfed in blazing flames.
You die...
Kikubaaqudgha rasps: "You have failed me!
Welcome... oblivion!"

#...#.8.#©...#.8..##
##.8.#.⌠.#8..©#....≈##
...©.#.8.#########.≈≈#
##.8.#...#..t©?..#.≈##
#.©.#...#...8...#.##
##.8.#.8.#.#####○#.≈##
...©.#.∩.#...©..h#.≈≈#
##.8.#.8.#.#####t#.≈##
#.©.#...#......@#.##
##.8.#...#.......#.≈##
...©.#.8.#########.≈≈#
##.8.#.⌠.#8..©#....≈##
#...#.8.#©...#.8..##
#...#...#8..©#....≈##
#≈≈≈#...#########.≈≈#
##≈###..#...©...#.≈##
## ##.#.#^.^#.#.##


You could see a fire crab (summoned, ally target) and a friendly wolf
(summoned).

Vanquished Creatures
  A two-headed ogre (D:9)
  A death yak (Lair:1)
  A necromancer (Gauntlet)
  Pikel (D:6)
  A manticore (D:9)
  Maurice (D:8)
  An ice statue (Gauntlet)
  2 komodo dragons (Lair:1)
  A shadow (D:9)
  2 wyverns (D:9)
  4 yaks
  A steam dragon (D:8)
  2 water moccasins
  An orc warrior (D:9)
  2 black bears
  2 ice beasts
  4 wolves (Gauntlet)
  3 centaurs
  3 phantoms
  A kobold brigand (Sewer)
  7 bullfrogs
  6 scorpions
  5 wights
  2 howler monkeys (D:7)
  2 orc priests
  A jelly (D:7)
  A gnoll bouda (D:6)
  2 hounds
  A sleepcap (D:6)
  5 orc wizards
  3 ogre zombies (D:9)
  3 mummies
  8 gnolls
  5 adders
  2 river rats (Sewer)
  2 ufetubi
  An adder zombie (Ossuary)
  2 worms
  A dart slug (D:2)
  16 orcs
  4 endoplasms
  2 giant cockroaches
  6 goblins
  7 hobgoblins
  3 jackals (D:4)
  12 kobolds
  6 ball pythons
  2 frilled lizards
  A goblin skeleton (D:9)
  5 goblin zombies
  A hobgoblin skeleton (D:9)
  2 hobgoblin zombies (D:9)
  A kobold zombie (Ossuary)
  An orc skeleton (D:9)
  5 orc zombies (D:9)
  2 quokka zombies (Ossuary)
  13 rats
  A rat zombie (Ossuary)
184 creatures vanquished.

Vanquished Creatures (collateral kills)
  A two-headed ogre (D:9)
  5 death yaks (Lair:1)
  A cane toad (Lair:1)
  A rime drake (Gauntlet)
  3 yaks
  A water moccasin (Lair:1)
  5 orc warriors (Bailey)
  A sky beast (D:7)
  3 ogres
  2 kobold brigands (Sewer)
  An elf zombie (Ossuary)
  A bullfrog (D:6)
  A scorpion (D:9)
  A wight (D:7)
  2 troll zombies (D:9)
  2 howler monkeys
  3 orc priests
  A jelly (D:5)
  A gnoll bouda (D:4)
  A sleepcap (D:6)
  2 iguanas (D:6)
  3 orc wizards (D:6)
  3 ogre zombies (D:9)
  A mummy (Ossuary)
  9 gnolls
  8 adders
  2 river rats (Sewer)
  A white imp (D:7)
  2 ufetubi
  An adder zombie (Ossuary)
  2 worms
  12 orcs
  2 ball pythons
  An endoplasm (D:1)
  A giant cockroach (D:1)
  4 goblins
  3 hobgoblins
  16 kobolds
  2 quokkas
  2 bats (D:3)
  A frilled lizard (D:1)
  A goblin skeleton (D:9)
  A hobgoblin skeleton (D:9)
  5 hobgoblin zombies
  2 orc skeletons (D:9)
  6 orc zombies (D:9)
  18 rats
  6 rat zombies (Ossuary)
154 creatures vanquished.

Vanquished Creatures (others)
  2 death yaks (Lair:1)
  An orc knight (Bailey)
  2 death yak zombies (Lair:1)
  A troll (D:7)
  A cane toad zombie (Lair:1)
  8 orc warriors (Bailey)
  3 ogres
  2 yak zombies (Lair:1)
  A gnoll bouda (D:4)
  Crazy Yiuf (D:5)
  4 gnolls (D:4)
  3 orcs (Bailey)
  3 orc zombies (D:6)
32 creatures vanquished.

Grand Total: 370 creatures vanquished

Notes
Turn   | Place    | Note
-------+----------+-------------------------------------------
     0 | D:1      | browni3141 the Mummy Summoner began the quest for the Orb.
     0 | D:1      | Reached XP level 1. HP: 13/13 MP: 4/4
    48 | D:1      | Found a faded altar of an unknown god.
   109 | D:1      | Reached XP level 2. HP: 6/20 MP: 3/5
   199 | D:1      | Learned a level 2 spell: Call Imp
   210 | D:1      | Reached skill level 3 in Spellcasting
   913 | D:2      | Gained mutation: You are in touch with the powers of death.
                  | [Mummy growth]
   913 | D:2      | Reached XP level 3. HP: 21/26 MP: 4/7
  1653 | D:3      | Found a broken altar of Ashenzari.
  1727 | D:3      | Learned a level 3 spell: Call Canine Familiar
  1742 | D:3      | Found a hazy altar of Hepliaklqana.
  1816 | D:3      | Found a glowing drain.
  1842 | Sewer    | Entered a sewer
  1864 | Sewer    | Reached XP level 4. HP: 30/32 MP: 7/9
  2033 | Sewer    | Reached XP level 5. HP: 34/37 MP: 9/11
  2231 | Sewer    | Learned a level 3 spell: Summon Guardian Golem
  2422 | Sewer    | Reached XP level 6. HP: 38/43 MP: 8/13
  2713 | D:3      | Found an iron altar of Okawaru.
  2758 | D:3      | Learned a level 4 spell: Summon Lightning Spire
  2920 | D:4      | Found a sacrificial altar of Ru.
  2959 | D:4      | Reached skill level 6 in Summonings
  2959 | D:4      | Reached XP level 7. HP: 31/48 MP: 8/15
  3022 | D:4      | Reached skill level 6 in Spellcasting
  3265 | D:4      | Found Zin's Purification Station.
  3380 | D:4      | Found a shadowy altar of Dithmenos.
  3556 | D:4      | Found a staircase to the Ecumenical Temple.
  3804 | Temple   | Entered the Ecumenical Temple
  3843 | Temple   | Became a worshipper of Kikubaaqudgha
  3867 | D:5      | Entered Level 5 of the Dungeon
  3998 | D:5      | Found a sand-covered staircase.
  4014 | Ossuary  | Entered an ossuary
  4164 | Ossuary  | Reached XP level 8. HP: 49/54 MP: 16/18
  4200 | Ossuary  | Reached * piety under Kikubaaqudgha
  4200 | Ossuary  | Received a gift from Kikubaaqudgha
  4261 | D:5      | Learned a level 4 spell: Animate Dead
  4264 | D:5      | Learned a level 2 spell: Cigotuvi's Dreadful Rot
  4331 | D:5      | Found a runed translucent door.
  4332 | D:5      | Noticed Crazy Yiuf
  4846 | D:5      | Reached skill level 3 in Necromancy
  5144 | D:5      | Found a shimmering blue altar of Sif Muna.
  5227 | D:5      | Killed Crazy Yiuf
  5505 | D:6      | Reached ** piety under Kikubaaqudgha
  5789 | D:6      | Reached XP level 9. HP: 33/59 MP: 15/20
  6154 | D:6      | Found a shimmering altar of Xom.
  6210 | D:6      | Noticed Pikel
  6255 | D:6      | Killed Pikel
  6256 | D:6      | Reached skill level 3 in Maces & Flails
  7069 | D:7      | Noticed a troll
  7269 | D:7      | Reached skill level 6 in Necromancy
  7272 | D:7      | Found a flagged portal.
  7316 | Bailey   | Entered a bailey
  7361 | Bailey   | Reached *** piety under Kikubaaqudgha
  7361 | Bailey   | Received a gift from Kikubaaqudgha
  7362 | Bailey   | Reached skill level 9 in Spellcasting
  7683 | Bailey   | Reached XP level 10. HP: 26/65 MP: 3/23
  8098 | Bailey   | Noticed an orc knight
  8114 | Bailey   | Killed an orc knight
  8696 | D:7      | Found an ornate altar of the Wu Jian Council.
  8886 | D:7      | Found a blossoming altar of Fedhas.
  8891 | D:7      | Found a stormy altar of Qazlal.
  9384 | D:7      | Learned a level 4 spell: Dispel Undead
  9389 | D:7      | Learned a level 4 spell: Anguish
  9767 | D:8      | Reached skill level 9 in Necromancy
 10165 | D:8      | Reached **** piety under Kikubaaqudgha
 10255 | D:8      | Noticed Maurice
 10264 | D:8      | Killed Maurice
 10566 | D:9      | Reached ***** piety under Kikubaaqudgha
 10611 | D:9      | Found a staircase to the Orcish Mines.
 10623 | D:9      | Noticed a two-headed ogre
 10627 | D:9      | Killed a two-headed ogre
 10678 | D:9      | Found a snail-covered altar of Cheibriados.
 10782 | D:9      | Found a bloodstained altar of Trog.
 10797 | D:9      | Reached XP level 11. HP: 70/70 MP: 26/26
 11011 | D:9      | Found a staircase to the Lair.
 11043 | D:9      | Found a runed translucent gate.
 11044 | D:9      | Found a runed translucent gate.
 11044 | D:9      | Found a runed translucent gate.
 11045 | D:9      | Noticed AlmostDecent's ghost (journeyman GrBe)
 11077 | D:9      | Found a radiant altar of Vehumet.
 11224 | D:9      | Noticed a two-headed ogre
 11226 | D:9      | Killed a two-headed ogre
 11421 | D:9      | Learned a level 6 spell: Simulacrum
 11439 | D:10     | Entered Level 10 of the Dungeon
 11439 | D:10     | Noticed an eight-headed hydra
 11601 | Lair:1   | Entered Level 1 of the Lair of Beasts
 11684 | Lair:1   | Noticed a death yak
 11685 | Lair:1   | Noticed a death yak
 11726 | Lair:1   | Noticed a death yak
 11727 | Lair:1   | Noticed a death yak
 11733 | Lair:1   | Noticed a death yak
 11736 | Lair:1   | Noticed a death yak
 11737 | Lair:1   | Noticed a death yak
 11738 | Lair:1   | Noticed a death yak
 11739 | Lair:1   | Reached skill level 12 in Spellcasting
 11739 | Lair:1   | Killed a death yak
 11740 | Lair:1   | Killed a death yak
 11743 | Lair:1   | Killed a death yak
 11744 | Lair:1   | Reached skill level 12 in Necromancy
 11750 | Lair:1   | Killed a death yak
 11755 | Lair:1   | Killed a death yak
 11770 | Lair:1   | Killed a death yak
 11815 | Lair:1   | Killed a death yak
 11822 | Lair:1   | Killed a death yak
 11823 | Lair:1   | Reached XP level 12. HP: 63/76 MP: 15/29
 11845 | Lair:1   | Found a gate leading to a gauntlet.
 11910 | Gauntlet | Entered a Gauntlet
 11910 | Gauntlet | Found a transporter.
 11919 | Gauntlet | Found a transporter.
 11922 | Gauntlet | Found a transporter.
 11923 | Gauntlet | Found a transporter.
 11931 | Gauntlet | Found a transporter.
 11934 | Gauntlet | Found a transporter.
 11935 | Gauntlet | Found a transporter.
 11945 | Gauntlet | Found a transporter.
 11947 | Gauntlet | Found a transporter.
 11948 | Gauntlet | Found a transporter.
 11950 | Gauntlet | Noticed a blizzard demon
 11956 | Gauntlet | Found a transporter.
 11960 | Gauntlet | Found a transporter.
 11961 | Gauntlet | Found a transporter.
 11965 | Gauntlet | Noticed a balrug
 11970 | Gauntlet | Found a transporter.
 12138 | Gauntlet | Engulfed by a fire crab's flame

Illustrated notes

Levels and vault maps discovered:
D:1:      ncdulo_lavacross, layout_rooms, ebering_ecumenical_altar_abandoned
D:2:      wad_pebble_path, layout_loops_ring
D:3:      layout_rooms, nzn_hepliaklqana_mist_gate, lemuel_tele_altar,
          nicolae_ashenzari_skybound, portal_sewer_entry_d
D:4:      layout_basic, zin_purify, old_standard_altar,
          mainiacjoe_overflow_24_doors, minmay_temple_entry_trees,
          hangedman_decor_clover_reticule
D:5:      layout_basic, lemuel_blue_sif_altar, gup_ossuary_entry_pyramid,
          uniq_crazy_yiuf_cottage
D:6:      kennysheep_six_static_rooms, layout_basic, lemuel_round_altar,
          kennysheep_nub, uniq_pikel
D:7:      layout_basic, grunt_temple_overflow_forces_of_nature,
          nzn_wu_jian_contemplation, enter_bailey_3
D:8:      layout_gridville, uniq_maurice
D:9:      layout_long_grid, lemuel_doored_altar, nicolae_overflow_hidden_temple,
          lemuel_round_altar, grunt_lair_entry_orc_guard_hut, zombieorc2_lemuel,
          ebering_ghost_rock_garden
D:10:     cheibrodos_elevator_heist, layout_cave_pools, marbit_many_paths,
          nicolae_take_the_stairs, pond, uniq_maggie
Temple:   corrupted_temple
Lair:1:   layout_roguey, gauntlet_entry_generic, grunt_megastairs_5
Gauntlet: gammafunk_gauntlet_77_escape_option
          [minmay_gauntlet_arena_77_broken_ladder,
          minmay_gauntlet_arena_77_mirror,
          minmay_gauntlet_arena_77_chump_sandwich,
          minmay_gauntlet_arena_77_terracotta_army,
          minmay_gauntlet_arena_77_tiled_triplets, gauntlet_exit_hidden_loot]

Skill      XL: |  1  2  3  4  5  6  7  8  9 10 11 |
---------------+----------------------------------+-----
Spellcasting   | 3 4 5 6 7 9 11 13 | 13.4
Fighting       | 1 |  1.0
Summonings     | 4 5 6 7 8 |  8.0
Necromancy     | 1 4 7 10 13 | 13.5
Maces & Flails | 2 4 |  4.0
Dodging        | |  1.5
Stealth        | |  1.5

Action                     |  1- 3 |  4- 6 |  7- 9 | 10-12 || total
---------------------------+-------+-------+-------+-------++-------
  Melee: Dagger            |    42 |       |       |       ||    42
         Unarmed           |     7 |       |       |       ||     7
         Glaive            |    21 |       |       |       ||    21
         Whip              |    59 |   131 |   304 |     9 ||   503
         Punch             |     1 |     1 |     3 |       ||     5
   Fire: Heavy crossbow    |       |       |       |   102 ||   102
   Cast: Summon Small Mamm |     4 |       |     2 |       ||     6
         Call Imp          |    20 |    11 |    31 |     5 ||    67
         Call Canine Famil |       |     6 |    19 |    26 ||    51
         Summon Guardian G |       |     2 |    16 |    16 ||    34
         Summon Lightning  |       |       |    10 |    15 ||    25
         Animate Dead      |       |       |     1 |     1 ||     2
         Dispel Undead     |       |       |       |     1 ||     1
         Anguish           |       |       |       |     3 ||     3
         Cigotuvi's Dreadf |       |       |       |     1 ||     1
  Evoke: Wand              |       |       |     3 |       ||     3
    Use: Scroll            |       |       |    11 |    11 ||    22
   Stab: Sleeping          |     4 |       |     1 |       ||     5
         Distracted        |       |       |     7 |       ||     7
 Armour: Robe              |    18 |       |       |       ||    18
         Leather armour    |    25 |    92 |   162 |    12 ||   291
         Steam dragon scal |       |       |       |    32 ||    32
  Dodge: Dodged            |    80 |   134 |   245 |    77 ||   536
